 Dungeon Crawl Stone Soup version 0.24-a0-226-gca05e9d (console) character file.

Game seed: 11998433732323245092

531 bli the Magician (level 7, -1/56 HPs)
             Began as a Purple Draconian Wizard on Mar 31, 2019.
             Was a Follower of Cheibriados.
             Slain by a worker ant (3 damage)
             ... on level 3 of the Dungeon.
             The game lasted 00:18:54 (3959 turns).

bli the Magician (Purple Draconian Wizard)          Turns: 3959, Time: 00:18:55

Health: -1/56      AC:  7    Str: 12    XL:     7   Next: 3%
Magic:  6/14       EV: 13    Int: 21    God:    Cheibriados [*.....]
Gold:   180        SH:  0    Dex: 12    Spells: 10/16 levels left

rFire    . . .     SeeInvis .   o - +0 short sword
rCold    . . .     Gourm    .   (no shield)
rNeg     . . .     Faith    +   (armour unavailable)
rPois    .         Spirit   .   a - +0 hat
rElec    .         Reflect  .   (no cloak)
rCorr    .         Harm     .   x - +0 pair of gloves
MR       ++...                  (no boots)
Stlth    ++........             y - amulet of faith
HPRegen  0.18/turn              i - ring of protection from magic
MPRegen  0.14/turn              (no ring)

@: very slow
A: breathe power, unfitting armour, cold-blooded, AC +6
a: Breathe Dispelling Energy, Bend Time, Renounce Religion


You were on level 3 of the Dungeon.
You worshipped Cheibriados.
Cheibriados was aware of your devotion.
You were not hungry.

You visited 2 branches of the dungeon, and saw 5 of its levels.

You collected 180 gold pieces.

Inventory:

Hand Weapons
 o - a +0 short sword (weapon)
Missiles
 d - 20 arrows
 f - 210 stones (quivered)
 v - 31 poisoned needles
Armour
 a - a +0 hat (worn)
 m - a +0 buckler
 s - a +0 buckler
 x - a +0 pair of gloves (worn)
Jewellery
 i - a ring of protection from magic (left hand)
 y - an amulet of faith (around neck)
Wands
 B - a wand of paralysis (2)
Scrolls
 e - 3 scrolls of enchant armour
 g - a scroll of random uselessness {unknown}
 h - a scroll of magic mapping {unknown}
 j - a scroll of noise {unknown}
 l - a scroll of teleportation {unknown}
 p - 4 scrolls of identify
 r - a scroll of enchant weapon {unknown}
 w - a scroll of immolation {unknown}
 z - a scroll of fear {unknown}
 A - a scroll of amnesia {unknown}
Potions
 b - a potion of flight {unknown}
 k - 2 potions of curing
 n - a potion of might {unknown}
 t - a potion of agility {unknown}
 u - a potion of heal wounds {unknown}
Comestibles
 c - 9 rations
 q - 4 chunks of flesh


   Skills:
 * Level 2.8 Fighting
 + Level 2.2 Short Blades
 + Level 2.6 Dodging
 - Level 1.7 Stealth
 + Level 5.3 Spellcasting
 * Level 3.8 Conjurations
   Level 1.0 Summonings
 + Level 1.0 Translocations
 * Level 1.6 Air Magic
 * Level 1.6 Poison Magic


You had 10 spell levels left.
You knew the following spells:

 Your Spells              Type           Power        Failure   Level  Hunger
a - Magic Dart            Conj           ###.         2%          1    None
c - Mephitic Cloud        Conj/Pois/Air  ###.....     12%         3    ##.....
B - Blink                 Tloc           N/A          11%         2    None

Your spell library contained the following spells:

 Spells                   Type           Power        Failure   Level  Hunger
 Call Imp                 Summ           #.......     11%         2    None
 Conjure Flame            Conj/Fire      ##......     14%         3    ##.....
 Slow                     Hex            #.......     16%         2    None


Dungeon Overview and Level Annotations

Branches:
Dungeon (4/15)             Temple (1/1) D:4

Altars:
Ashenzari
Cheibriados
Dithmenos
Elyvilon
Fedhas
Gozag
Hepliaklqana
Kikubaaqudgha
Makhleb
Nemelex Xobeh
Okawaru
Qazlal
Ru
Sif Muna
Trog
Uskayaw
Vehumet
Wu Jian
Xom
Yredelemnul
Zin
The Shining One

Annotations:
D:2 Sigmund


Innate Abilities, Weirdness & Mutations

You can breathe bolts of dispelling energy.
Your rich purple scales are hard. (AC +6)
You cannot fit into any form of body armour.
You are cold-blooded and may be slowed by cold attacks.


Message History

The stinking cloud engulfs the orc but does no damage.
The stinking cloud engulfs the worker ant but does no damage.
The stinking cloud engulfs you but does no damage.
You are engulfed in noxious fumes.
You choke on the stench!
You are confused.
* * * LOW HITPOINT WARNING * * *
The worker ant bites you.
* * * LOW HITPOINT WARNING * * *
The orc is engulfed in noxious fumes.
The orc appears confused.
You bump into the rock wall.
You are engulfed in noxious fumes.
You feel less confused. The worker ant barely misses you.
The orc is engulfed in noxious fumes.
The orc appears confused.
The orc misses the worker ant.
The worker ant barely misses you.
The orc is engulfed in noxious fumes.
The orc appears confused.
The worker ant misses you.
You barely miss the worker ant.
The orc is engulfed in noxious fumes.
The orc appears confused.
The worker ant misses you. The worker ant bites you.
* * * LOW HITPOINT WARNING * * *
The worker ant bites you.
You die...

≈≈#########.###.#.......#
###......##.###.#.#######
#.####.##.......# ####
####.####.#####...## #...
.......##.# #...# #########.##
####.#.##.# #...# #......##.##
#.#.##.# #...# #.°.☼..#...#
#......# #...# ##..°....###. ##
###.########...###..°.....# #. .#
#...#.....................###. .#
#.......o...a@......>.#.#.....
.###...#...>.............#.#.##.#
##........#####)..##.##......)..#
##..#..#..# #...##.#####....###
##..#..#..# #...##.#####....###
......<#..# #...##.............
##..##.♣.♣#♣#♣#♣..#########.#####
##................# ##....#
##....#♣.♣.♣.♣.♣..# ##.###.#####
###..###.........#####.####......
....###♣.♣.♣.♣.♣.[........##.###.


You could see a worker ant and an orc (confused).

Vanquished Creatures
  A phantom (D:4)
  2 scorpions (D:4)
  An orc priest (D:2)
  A gnoll shaman (D:3)
  Jessica (D:2)
  3 orc wizards
  A hound skeleton (D:4)
  6 adders
  4 gnolls (D:4)
  An ooze (D:2)
  A worm (D:3)
  2 dart slugs
  3 leopard geckos
  5 orcs
  A giant cockroach (D:3)
  6 goblins
  4 hobgoblins
  A jackal (D:3)
  2 quokkas
  2 ball pythons
  9 bats
  6 frilled lizards
  9 kobolds
  8 rats
80 creatures vanquished.

Vanquished Creatures (others)
  2 jackals (D:3)
2 creatures vanquished.

Grand Total: 82 creatures vanquished

Notes
Turn   | Place    | Note
-------+----------+-------------------------------------------
     0 | D:1      | bli the Draconian Wizard began the quest for the Orb.
     0 | D:1      | Reached XP level 1. HP: 14/14 MP: 4/4
   164 | D:1      | Reached XP level 2. HP: 13/22 MP: 0/6
   902 | D:2      | Reached XP level 3. HP: 27/27 MP: 8/8
   959 | D:2      | Reached skill level 1 in Fighting
  1026 | D:2      | Noticed Jessica
  1041 | D:2      | Killed Jessica
  1041 | D:2      | Reached XP level 4. HP: 26/35 MP: 2/9
  1051 | D:2      | Learned a level 3 spell: Mephitic Cloud
  1054 | D:2      | Learned a level 2 spell: Blink
  1087 | D:2      | Noticed Sigmund
  1691 | D:3      | Found a radiant altar of Vehumet.
  2258 | D:2      | Reached skill level 1 in Short Blades
  2281 | D:2      | Reached XP level 5. HP: 6/41 MP: 0/10
  2558 | D:2      | Reached skill level 4 in Spellcasting
  3179 | D:4      | Found a staircase to the Ecumenical Temple.
  3236 | Temple   | Entered the Ecumenical Temple
  3327 | Temple   | Became a worshipper of Cheibriados the Contemplative
  3383 | D:4      | Noticed a phantom
  3413 | D:4      | Killed a phantom
  3413 | D:4      | Reached skill level 1 in Air Magic
  3413 | D:4      | Reached skill level 1 in Poison Magic
  3413 | D:4      | Reached XP level 6. HP: 16/49 MP: 0/12
  3478 | D:4      | Found a shadowy altar of Dithmenos.
  3902 | D:4      | Reached * piety under Cheibriados
  3919 | D:4      | Your scales start taking on a rich purple colour.
  3919 | D:4      | Reached skill level 5 in Spellcasting
  3919 | D:4      | Reached XP level 7. HP: 11/56 MP: 1/14
  3952 | D:3      | HP: 2/56 [cloud of noxious fumes (2)]
  3957 | D:3      | HP: 2/56 [worker ant (1)]
  3959 | D:3      | Slain by a worker ant

Levels and vault maps discovered:
D:1:      eino_arrival_cavern_b, layout_basic
D:2:      layout_rooms, supply_closet_lemuel, uniq_jessica, uniq_sigmund
D:3:      layout_loops_cross, fiery_altar_vehumet, serial_forest,
          infiniplex_forest_corner_2, infiniplex_forest_join,
          infiniplex_forest_zigzag_1, infiniplex_forest_lined_2,
          infiniplex_forest_zigzag_1, infiniplex_forest_corner_1,
          infiniplex_forest_lined_room_3, infiniplex_forest_lined_corner,
          chequers_serial_rivers_large_a
D:4:      layout_loops_ring, minmay_temple_entry_water_ring,
          nicolae_ossuary_entry_giza, first_ration, st_stairs_14,
          grunt_dithmenos_smoke
Temple:   dpeg_three_leaves_temple

Skill      XL: |  1  2  3  4  5  6 |
---------------+-------------------+-----
Dodging        | 2 |  2.6
Fighting       | 1 2 |  2.8
Conjurations   | 2 3 |  3.8
Short Blades   | 1 2 |  2.2
Spellcasting   | 4 5 |  5.3
Air Magic      | 1 |  1.6
Poison Magic   | 1 |  1.6
Stealth        | |  1.7
Summonings     | |  1.0
Translocations | |  1.0

Action                   |  1- 3 |  4- 6 |  7- 9 || total
-------------------------+-------+-------+-------++-------
Melee: Unarmed           |    29 |       |       ||    29
       Tailslap          |     6 |    11 |       ||    17
       Short sword       |    29 |   121 |     5 ||   155
Throw: Stone             |       |    12 |       ||    12
 Cast: Magic Dart        |    52 |   136 |       ||   188
       Mephitic Cloud    |       |     2 |     1 ||     3
  Use: Potion            |       |     2 |       ||     2
       Scroll            |       |     3 |       ||     3
 Stab: Sleeping          |     1 |     4 |       ||     5
       Confused          |       |     1 |       ||     1
  Eat: Chunk             |       |    10 |       ||    10
Armor: Skin              |    22 |    53 |     2 ||    77
Dodge: Dodged            |    45 |    88 |    19 ||   152

Table legend:
 A = Non-vault XP
 B = Vault XP
 C = Vault XP percentage of total XP
 D = Non-vault monster count
 E = Vault monster count
 F = Vault count percentage of total count
                 A         B        C        D         E       F
            +---------+---------+-------+---------+---------+-------
      Total |     601 |     158 |  20.8 |      78 |       2 |   2.5
            +---------+---------+-------+---------+---------+-------
        D:1 |      36 |       0 |   0.0 |      22 |       0 |   0.0
        D:2 |     137 |      37 |  21.3 |      18 |       1 |   5.3
        D:3 |      90 |       0 |   0.0 |      22 |       0 |   0.0
        D:4 |     338 |     121 |  26.4 |      16 |       1 |   5.9
            +---------+---------+-------+---------+---------+-------
